[Event "M11"]
[Site "?"]
[Date "2023.07.27"]
[Round "7"]
[White "Aubrecht, Petr"]
[Black "Adelmeyer, Matti"]
[Result "0-1"]
[ECO "A01"]
[WhiteElo "1985"]
[BlackElo "1944"]
[Annotator ",martin-koller@seznam"]
[PlyCount "110"]
[TimeControl "240+2"]

{600MB, Fritz10.ctg} 1. b3 d5 2. Bb2 Bg4 3. h3 Bh5 4. g4 Bg6 5. Bg2 h5 6. e3 e6
7. d3 hxg4 8. hxg4 Rxh1 9. Bxh1 Qh4 10. Bf3 Nc6 11. Nd2 O-O-O 12. Qe2 Nb4 13.
Nf1 Nf6 14. a3 Nc6 15. O-O-O Bd6 16. Nd2 Ne5 17. e4 d4 18. Bxd4 Bxa3+ 19. Bb2
Bxb2+ 20. Kxb2 Nfxg4 21. Bxg4 Nxg4 22. f3 Qf6+ 23. c3 Ne5 24. d4 Nc6 25. e5 Qf5
26. Ne4 f6 27. exf6 gxf6 28. Nc5 Rd6 29. Ne4 Rd8 30. Nc5 Rd6 31. Ne4 Rd7 32.
Nc5 Re7 33. Qb5 Qc2+ 34. Ka3 Nd8 35. Re1 Qxc3 36. Qb4 Qxb4+ 37. Kxb4 Nc6+ 38.
Kc3 e5 39. dxe5 Rxe5 40. Rxe5 fxe5 41. Nh3 b6 42. Nd3 Bxd3 43. Kxd3 Nd4 44. b4
Nxf3 45. Ke4 Nd4 46. Nf2 a6 47. Nd3 Nc6 48. Kd5 Kd7 49. Kc4 Kd6 50. Nf2 b5+ 51.
Kc3 Kd5 52. Ng4 Ke4 53. Nf6+ Kf3 54. Nd5 e4 55. Kd2 Kf2 0-1

[Event "K11"]
[Site "?"]
[Date "2023.07.27"]
[Round "7"]
[White "Marsalek, Lubos"]
[Black "Tesar, Jakub"]
[Result "0-1"]
[ECO "A09"]
[WhiteElo "1883"]
[BlackElo "1888"]
[Annotator ",martin-koller@seznam"]
[PlyCount "34"]
[TimeControl "240+2"]

{600MB, Fritz10.ctg} 1. Nf3 d5 2. c4 d4 3. g3 c5 4. d3 Nc6 5.
e3 e5 6. exd4 exd4 7. Bg2 Qe7+ 8. Qe2 Bf5 9. Qxe7+ Bxe7 10. Kd2 Nf6 11. h3
O-O-O 12. g4 Bg6 13. Nh4 Bd6 14. Nxg6 hxg6 15. Bxc6 bxc6 16. Kd1 Nxg4 17. Rf1
Rxh3 0-1

[Event "K11"]
[Site "?"]
[Date "2023.07.27"]
[Round "7"]
[White "Vesely, Jaromir"]
[Black "Fitzke, Ulrich"]
[Result "1-0"]
[ECO "D60"]
[WhiteElo "1895"]
[BlackElo "1796"]
[Annotator ",martin-koller@seznam"]
[PlyCount "105"]
[TimeControl "240+2"]

{600MB, Fritz10.ctg} 1. d4 d5 2. c4 c6 3. Nc3 Nf6 4. Nf3 Nbd7 5. Bg5 e6 6. e3
Be7 7. Bd3 O-O 8. O-O dxc4 9. Bxc4 Nd5 10. Ne4 Bxg5 11. Nexg5 h6 12. Ne4 N5f6
13. Ng3 c5 14. a3 b6 15. Qd3 Bb7 16. Ba2 Bxf3 17. gxf3 cxd4 18. Qxd4 Nc5 19.
Rfd1 Qxd4 20. Rxd4 Rad8 21. Rad1 Rxd4 22. Rxd4 Nb7 23. Kf1 Rd8 24. Rxd8+ Nxd8
25. Ke2 Kf8 26. Kd3 Ke7 27. Ne4 Nc6 28. Nxf6 Kxf6 29. f4 Ke7 30. b4 Kd6 31. Kc3
f6 32. Bc4 e5 33. fxe5+ Nxe5 34. Be2 Kd5 35. f4 Nd7 36. Bf3+ Kd6 37. Kc4 g5 38.
Bg4 gxf4 39. exf4 Nf8 40. Bf5 Ne6 41. Bxe6 Kxe6 42. Kb5 Kf5 43. Ka6 Kxf4 44.
Kxa7 Kg4 45. b5 f5 46. Kxb6 f4 47. Ka7 f3 48. b6 f2 49. b7 f1=Q 50. b8=Q Qf2+
51. Ka6 Qe2+ 52. Ka5 Kh3 53. Qg3# 1-0

[Event "M11"]
[Site "?"]
[Date "2023.07.27"]
[Round "8"]
[White "Hansch, Torsten"]
[Black "Hartwig, Maik"]
[Result "1/2-1/2"]
[ECO "A42"]
[WhiteElo "2079"]
[BlackElo "2040"]
[Annotator ",martin-koller@seznam"]
[PlyCount "44"]
[TimeControl "240+2"]

{600MB, Fritz10.ctg} 1. d4 g6 2. e4 Bg7 3. c4 d6 4. Nc3 Nc6 5. Be3 e5 6. Nge2
exd4 7. Nxd4 Nge7 8. Be2 O-O 9. O-O Nxd4 10. Bxd4 Bxd4 11. Qxd4 Nc6 12. Qd2 Be6
13. Rad1 Qe7 14. Nd5 Bxd5 15. cxd5 Ne5 16. Rc1 c5 17. dxc6 Nxc6 18. Rfd1 Qxe4
19. Bf3 Qe5 20. Bxc6 bxc6 21. Rxc6 Rfd8 22. g3 Rac8 1/2-1/2

[Event "M11"]
[Site "?"]
[Date "2023.07.27"]
[Round "8"]
[White "Aubrecht, Petr"]
[Black "Doring, Robert"]
[Result "1/2-1/2"]
[ECO "A03"]
[WhiteElo "1985"]
[BlackElo "2142"]
[Annotator ",martin-koller@seznam"]
[PlyCount "47"]
[TimeControl "240+2"]

{600MB, Fritz10.ctg} 1. b3 Nf6 2. Bb2 c5 3. e3 Nc6 4. f4 d5 5. Nf3 g6 6. Be2
Bg7 7. O-O O-O 8. a4 d4 9. exd4 cxd4 10. Ne5 Nd7 11. Nxd7 Bxd7 12. Bd3 e5 13.
fxe5 Bxe5 14. Qf3 Qh4 15. g3 Qg5 16. Ba3 Bg4 17. Qf2 Bh3 18. Bxf8 Bxf1 19. Kxf1
Rxf8 20. Na3 Nb4 21. Bc4 Kg7 22. Re1 h5 23. h4 Qf6 24. Qxf6+ 1/2-1/2

[Event "M11"]
[Site "?"]
[Date "2023.07.27"]
[Round "8"]
[White "Hansch, Stephan"]
[Black "Henztgen, Thomas"]
[Result "1-0"]
[ECO "A40"]
[WhiteElo "2123"]
[BlackElo "2004"]
[Annotator ",martin-koller@seznam"]
[PlyCount "59"]
[TimeControl "240+2"]

{600MB, Fritz10.ctg} 1. d4 e6 2. c4 Bb4+ 3. Bd2 Qe7 4. e4 Nf6 5. Bd3 Bxd2+ 6.
Qxd2 d6 7. Nf3 e5 8. dxe5 dxe5 9. Qg5 Nc6 10. Nc3 Bg4 11. Nd5 Nxd5 12. Qxg7 Qf6
13. Qxg4 Ndb4 14. Bb1 a5 15. O-O Ke7 16. Nh4 Rhg8 17. Nf5+ Kf8 18. Qh3 Qg6 19.
a3 Na6 20. Bc2 Nc5 21. f4 Ne6 22. fxe5 Nxe5 23. Rad1 Rd8 24. Rxd8+ Nxd8 25. Ne3
Ne6 26. c5 Nd4 27. Qc8+ Kg7 28. Qxc7 Ne2+ 29. Kf2 Qh5 30. Nf5+ 1-0

[Event "M11"]
[Site "?"]
[Date "2023.07.27"]
[Round "8"]
[White "Hozda, Max"]
[Black "Novotny, David"]
[Result "1/2-1/2"]
[ECO "A96"]
[WhiteElo "1986"]
[BlackElo "2034"]
[Annotator ",martin-koller@seznam"]
[PlyCount "51"]
[TimeControl "240+2"]

{600MB, Fritz10.ctg} 1. d4 e6 2. c4 f5 3. g3 Nf6 4. Bg2 Be7 5. Nf3 O-O 6. O-O
d6 7. b3 a5 8. Bb2 a4 9. b4 Nbd7 10. a3 Nb6 11. Nfd2 Ne4 12. Qc2 d5 13. c5 Nxd2
14. Nxd2 Nd7 15. c6 bxc6 16. Qxc6 Nb6 17. Rac1 Bd6 18. Qc3 Ba6 19. Rfe1 Bb5 20.
e3 g5 21. f3 f4 22. gxf4 gxf4 23. e4 c6 24. Bf1 Rc8 25. Bd3 Qh4 26. e5 1/2-1/2

[Event "M11"]
[Site "?"]
[Date "2023.07.27"]
[Round "8"]
[White "Adelmeyer, Matti"]
[Black "Hajek, Zdenek"]
[Result "1/2-1/2"]
[ECO "C41"]
[WhiteElo "1944"]
[BlackElo "1994"]
[Annotator ",martin-koller@seznam"]
[PlyCount "59"]
[TimeControl "240+2"]

{600MB, Fritz10.ctg} 1. e4 d6 2. d4 Nf6 3. Nc3 e5 4. Nf3 Nbd7 5. Bc4 Be7 6. O-O
O-O 7. a4 c6 8. dxe5 dxe5 9. Qe2 a5 10. Be3 Qc7 11. Ba2 Nc5 12. Ng5 h6 13. Nxf7
Kh7 14. f4 Bg4 15. Qe1 exf4 16. Bxf4 Qb6 17. Qe3 Qxb2 18. e5 Nd5 19. Nxd5 cxd5
20. Bxd5 Ne6 21. Qe4+ g6 22. Bxh6 Bf5 23. Qc4 Rxf7 24. Bxe6 Bxe6 25. Qxe6 Bc5+
26. Kh1 Rxf1+ 27. Rxf1 Kxh6 28. Qh3+ Kg7 29. Qd7+ Kh6 30. Qh3+ 1/2-1/2

[Event "K11"]
[Site "?"]
[Date "2023.07.27"]
[Round "8"]
[White "Petras, Milan"]
[Black "Vesely, Jaromir"]
[Result "1-0"]
[ECO "C03"]
[WhiteElo "1886"]
[BlackElo "1895"]
[Annotator ",martin-koller@seznam"]
[PlyCount "43"]
[TimeControl "240+2"]

{600MB, Fritz10.ctg} 1. e4 e6 2. d4 d5 3. Nd2 f5 4. exf5 exf5 5. Ngf3 Nf6 6.
Ne5 Bd6 7. Bd3 O-O 8. O-O c5 9. c4 cxd4 10. f4 Nc6 11. Ndf3 Be6 12. Ng5 Qe7 13.
Qe2 Bxe5 14. fxe5 Ne4 15. Nxe6 Rf7 16. cxd5 Nxe5 17. Bxe4 fxe4 18. Rxf7 Nxf7
19. Qxe4 Qb4 20. a3 Qb6 21. Qxd4 Qxd4+ 22. Nxd4 1-0

[Event "K11"]
[Site "?"]
[Date "2023.07.27"]
[Round "8"]
[White "Fitzke, Ulrich"]
[Black "Spindler, Markus"]
[Result "0-1"]
[ECO "A85"]
[WhiteElo "1796"]
[BlackElo "1885"]
[Annotator ",martin-koller@seznam"]
[PlyCount "116"]
[TimeControl "240+2"]

{600MB, Fritz10.ctg} 1. d4 d5 2. c4 e6 3. e3 f5 4. Nc3 Nf6 5. f3 Bd6 6. Nb5 O-O
7. Nxd6 Qxd6 8. Bd3 Nc6 9. cxd5 exd5 10. Ne2 Bd7 11. O-O Rae8 12. Bd2 Nh5 13.
Rc1 Rf7 14. a3 a6 15. Qc2 g6 16. Rfe1 Qf6 17. Qc5 Qe6 18. Nc3 Nf6 19. Ne2 Qe7
20. Nf4 Qxc5 21. Rxc5 b6 22. Rcc1 b5 23. Rc5 Rfe7 24. Kf2 Nd8 25. Nxd5 Nxd5 26.
Rxd5 c6 27. Rc5 Ne6 28. Re5 Nc7 29. Rxe7 Rxe7 30. Bb4 Re8 31. e4 fxe4 32. Bxe4
Nd5 33. Bd6 Re6 34. Be5 Kf7 35. Rc1 Ne7 36. f4 h5 37. Rc5 Be8 38. g3 Bd7 39. b4
Be8 40. Kf3 Bd7 41. h3 Kf8 42. g4 hxg4+ 43. hxg4 Be8 44. f5 gxf5 45. gxf5 Rh6
46. f6 Nd5 47. Bxd5 cxd5 48. Rxd5 Bc6 49. Ke4 Rh4+ 50. Bf4 Bxd5+ 51. Kxd5 Rxf4
52. Ke5 Rh4 53. Kd5 Kf7 54. Kc5 Rh6 55. Kb6 Rxf6+ 56. Ka5 Ke7 57. a4 bxa4 58.
Kxa4 Rf5 0-1

[Event "K11"]
[Site "?"]
[Date "2023.07.27"]
[Round "8"]
[White "Tesar, Jakub"]
[Black "Schoenmakers, Nico"]
[Result "1-0"]
[ECO "B23"]
[WhiteElo "1888"]
[BlackElo "1839"]
[Annotator ",martin-koller@seznam"]
[PlyCount "130"]
[TimeControl "240+2"]

{600MB, Fritz10.ctg} 1. e4 c5 2. Nc3 d6 3. d4 cxd4 4. Qxd4 Nc6 5. Qd2 e6 6. b3
a6 7. Bb2 Nf6 8. O-O-O Qc7 9. f4 Be7 10. Be2 b5 11. Bf3 Bb7 12. Nge2 O-O 13. g4
b4 14. Na4 Rfd8 15. h4 Rac8 16. g5 Nd7 17. h5 Na7 18. g6 f5 19. Nd4 Nf8 20.
gxh7+ Kxh7 21. Qd3 Nb5 22. Rdg1 Bf6 23. Rh2 Bxd4 24. Bxd4 Nxd4 25. Qxd4 e5 26.
Qxb4 a5 27. Qb5 Bc6 28. Qd3 Bxa4 29. bxa4 Qc3 30. Qxc3 Rxc3 31. Bh1 Ne6 32.
fxe5 dxe5 33. exf5 Nf4 34. Kb2 Rc4 35. Re1 Rb8+ 36. Ka1 Rc5 37. Bf3 Rb6 38. Re3
Rf6 39. Kb2 Kh6 40. Be4 Rd6 41. Rc3 Rb6+ 42. Rb3 Rd6 43. Rc3 Rb6+ 44. Rb3 Rd6
45. Rb5 Rc4 46. Rxe5 Rb4+ 47. Kc1 Rxa4 48. c3 Rc4 49. Kc2 a4 50. Rd2 Rb6 51.
Rd4 Rc7 52. Bf3 Nh3 53. Rxa4 Ng5 54. Be2 Rbc6 55. Ra6 Rxa6 56. Bxa6 Kxh5 57.
Be2+ Kh6 58. a4 Nf7 59. Re6+ Kg5 60. Bd3 Nd8 61. Rb6 Nc6 62. Kb3 Ne5 63. Bc2
Kf4 64. a5 Ke3 65. Re6 Kf4 neèitelné 1-0

[Event "M11"]
[Site "?"]
[Date "2023.07.28"]
[Round "9"]
[White "Doring, Robert"]
[Black "Adelmeyer, Matti"]
[Result "1/2-1/2"]
[ECO "B14"]
[WhiteElo "2141"]
[BlackElo "1944"]
[Annotator ",martin-koller@seznam"]
[PlyCount "45"]
[TimeControl "240+2"]

{600MB, Fritz10.ctg} 1. e4 c6 2. d4 d5 3. exd5 cxd5 4. c4 Nf6 5. Nc3 g6 6. cxd5
Nxd5 7. Qb3 Nxc3 8. bxc3 Bg7 9. Nf3 O-O 10. Be2 Nc6 11. O-O Qc7 12. Qc4 Qa5 13.
Bd2 Be6 14. Qb5 Qxb5 15. Bxb5 Bd5 16. Rfe1 e6 17. a4 Na5 18. Rab1 b6 19. Ne5
Rfc8 20. Ba6 Rc7 21. c4 Nxc4 22. Nxc4 Bxc4 23. Rbc1 1/2-1/2

[Event "M11"]
[Site "?"]
[Date "2023.07.28"]
[Round "9"]
[White "Hajek, Zdenek"]
[Black "Hansch, Stephan"]
[Result "1/2-1/2"]
[ECO "E05"]
[WhiteElo "1994"]
[BlackElo "2123"]
[Annotator ",martin-koller@seznam"]
[PlyCount "42"]
[TimeControl "240+2"]

{600MB, Fritz10.ctg} 1. d4 d5 2. g3 Nf6 3. Bg2 e6 4. Nf3 Be7 5. c4 O-O 6. O-O
dxc4 7. Ne5 Nc6 8. Bxc6 bxc6 9. Nxc6 Qe8 10. Nxe7+ Qxe7 11. Qa4 e5 12. dxe5
Qxe5 13. Nc3 Ne4 14. Re1 Nxc3 15. bxc3 Be6 16. Qc2 Bf5 17. e4 Bg4 18. f4 Qc5+
19. Be3 Qc6 20. Qg2 Qh6 21. Rab1 Rab8 1/2-1/2

[Event "M11"]
[Site "?"]
[Date "2023.07.28"]
[Round "9"]
[White "Hentzgen, Thomas"]
[Black "Hozda, Max"]
[Result "0-1"]
[ECO "D30"]
[WhiteElo "2004"]
[BlackElo "1986"]
[Annotator ",martin-koller@seznam"]
[PlyCount "40"]
[TimeControl "240+2"]

{600MB, Fritz10.ctg} 1. d4 d5 2. Nf3 Nf6 3. c4 c6 4. e3 e6 5. Bd3 dxc4 6. Bxc4
b5 7. Bd3 a6 8. a4 Bb7 9. O-O Be7 10. Nbd2 O-O 11. e4 Nbd7 12. e5 Nd5 13. Ne4
bxa4 14. Bg5 Bxg5 15. Nfxg5 h6 16. Qh5 Nf4 17. Qh4 Nxd3 18. Ra3 c5 19. Rxd3
Bxe4 20. Rh3 Bf5 0-1

[Event "M11"]
[Site "?"]
[Date "2023.07.28"]
[Round "9"]
[White "Novotny, David"]
[Black "Hansch, Torsten"]
[Result "1/2-1/2"]
[ECO "B90"]
[WhiteElo "2034"]
[BlackElo "2079"]
[Annotator ",martin-koller@seznam"]
[PlyCount "68"]
[TimeControl "240+2"]

{600MB, Fritz10.ctg} 1. e4 c5 2. Nf3 d6 3. d4 cxd4 4. Nxd4 Nf6 5. Nc3 a6 6. h3
e5 7. Nde2 h5 8. g3 Be7 9. Bg2 b5 10. O-O Qc7 11. Be3 Nbd7 12. a4 b4 13. Nd5
Nxd5 14. exd5 Nf6 15. f4 e4 16. Rc1 Qc4 17. Qd4 Qxd4 18. Bxd4 O-O 19. c4 bxc3
20. Nxc3 Rb8 21. a5 Rxb2 22. Bxf6 Bxf6 23. Nxe4 Be7 24. Rc7 Re8 25. Re1 Kf8 26.
Nxd6 Bxd6 27. Rxe8+ Kxe8 28. Rxc8+ Kd7 29. Rc6 h4 30. gxh4 Bxf4 31. Rxa6 Be3+
32. Kh2 Bf4+ 33. Kg1 Be3+ 34. Kh2 Bf4+ 1/2-1/2

[Event "M11"]
[Site "?"]
[Date "2023.07.28"]
[Round "9"]
[White "Hartwig, Maik"]
[Black "Aubrecht, Petr"]
[Result "0-1"]
[ECO "A41"]
[WhiteElo "2040"]
[BlackElo "1985"]
[Annotator ",martin-koller@seznam"]
[PlyCount "60"]
[TimeControl "240+2"]

{600MB, Fritz10.ctg} 1. d4 d6 2. Nf3 e6 3. g3 Ne7 4. Bg2 Ng6 5. O-O Nd7 6. c4
Be7 7. b3 O-O 8. Bb2 Bf6 9. Qc2 e5 10. e4 exd4 11. Nxd4 Nc5 12. f4 a5 13. a3 a4
14. b4 Bxd4+ 15. Bxd4 Nb3 16. Qb2 Nxa1 17. Qxa1 f6 18. Nc3 c6 19. Rd1 Qc7 20.
Rd2 f5 21. Qd1 Re8 22. Bf2 Be6 23. Rxd6 fxe4 24. Nxe4 Bxc4 25. Rd7 Rad8 26.
Rxd8 Qxd8 27. Qxa4 Qd3 28. h3 Rxe4 29. Qa8+ Kf7 30. Qxb7+ Ne7 0-1

[Event "K11"]
[Site "?"]
[Date "2023.07.28"]
[Round "9"]
[White "Ivanecka, Natalia"]
[Black "Tesar, Jakub"]
[Result "0-1"]
[ECO "B18"]
[WhiteElo "1794"]
[BlackElo "1888"]
[Annotator ",martin-koller@seznam"]
[PlyCount "52"]
[TimeControl "240+2"]

{600MB, Fritz10.ctg} 1. e4 c6 2. d4 d5 3. Nd2 dxe4 4. Nxe4 Bf5 5. Ng3 Bg6 6.
Nh3 e6 7. Nf4 Bd6 8. Nxg6 hxg6 9. c3 Nd7 10. Bd3 Ngf6 11. Bg5 Qc7 12. Qf3 O-O-O
13. b4 e5 14. Rb1 Rde8 15. Be3 e4 16. Nxe4 Nxe4 17. Bxe4 f5 18. Bd3 f4 19. Kd2
Ref8 20. Qd1 fxe3+ 21. fxe3 Rf2+ 22. Be2 Nf6 23. b5 c5 24. c4 Rxg2 25. Qa4 Ne4+
26. Kd3 Nf2+ 0-1

[Event "K11"]
[Site "?"]
[Date "2023.07.28"]
[Round "9"]
[White "Spindler, Markus"]
[Black "Petras, Milan"]
[Result "1/2-1/2"]
[ECO "B12"]
[WhiteElo "1885"]
[BlackElo "1886"]
[Annotator ",martin-koller@seznam"]
[PlyCount "26"]
[TimeControl "240+2"]

{600MB, Fritz10.ctg} 1. e4 c6 2. d4 d5 3. e5 Bf5 4. h4 h5 5. c4 e6 6. Nf3 Bg4
7. Be3 Ne7 8. Nbd2 Nf5 9. Qb3 Qb6 10. Be2 Qxb3 11. axb3 Nxe3 12. fxe3 g6 13. c5
Nd7 1/2-1/2

[Event "K11"]
[Site "?"]
[Date "2023.07.28"]
[Round "9"]
[White "Marsalek, Lubos"]
[Black "Fitzke, Ulrich"]
[Result "1-0"]
[ECO "A30"]
[WhiteElo "1883"]
[BlackElo "1796"]
[Annotator ",martin-koller@seznam"]
[PlyCount "63"]
[TimeControl "240+2"]

{600MB, Fritz10.ctg} 1. Nf3 c5 2. c4 Nf6 3. g3 d5 4. cxd5 Qxd5 5. Nc3 Qd8 6.
Bg2 Nc6 7. O-O e6 8. d3 Be7 9. Bf4 a6 10. Rc1 Bd6 11. Bxd6 Qxd6 12. Ng5 b6 13.
b4 Bb7 14. Nge4 Nxe4 15. Nxe4 Qe7 16. bxc5 bxc5 17. Nxc5 Nd8 18. Qa4+ Kf8 19.
Bxb7 Nxb7 20. Nd7+ Kg8 21. Rc7 Nd6 22. Rfc1 h6 23. Nb6 Qe8 24. Rc8 Rxc8 25.
Rxc8 Qxc8 26. Nxc8 Nxc8 27. Qe8+ Kh7 28. Qxf7 Nb6 29. Qxe6 Rb8 30. Qd6 Rb7 31.
Qc6 Rb8 32. e4 1-0

[Event "M21"]
[Site "?"]
[Date "2023.07.30"]
[Round "1"]
[White "Kalisky, Vladimir"]
[Black "Gunter, Andreas"]
[Result "1-0"]
[ECO "B01"]
[WhiteElo "2145"]
[BlackElo "2065"]
[Annotator ",martin-koller@seznam"]
[PlyCount "57"]
[TimeControl "240+2"]

{600MB, Fritz10.ctg} 1. e4 d5 2. exd5 Qxd5 3. Nc3 Qa5 4. d4 Nf6 5. Nf3 c6 6.
Bc4 Bf5 7. Bd2 Nbd7 8. Qe2 Qc7 9. Ne5 e6 10. O-O-O b5 11. Bb3 b4 12. Na4 Nxe5
13. dxe5 Nd5 14. g4 Bg6 15. f4 O-O-O 16. Rhf1 h6 17. Be3 Be7 18. Bc5 Bxc5 19.
Nxc5 Qb6 20. Bxd5 Qxc5 21. Bb3 Rxd1+ 22. Qxd1 Qe3+ 23. Qd2 Qxd2+ 24. Kxd2 Rd8+
25. Ke3 Bh7 26. f5 g5 27. Rf3 Rd1 28. Rh3 Re1+ 29. Kd2 1-0

[Event "M21"]
[Site "?"]
[Date "2023.07.30"]
[Round "1"]
[White "Van den Boogaart , Jan Maarten"]
[Black "Hozda, Max"]
[Result "1/2-1/2"]
[ECO "D48"]
[WhiteElo "2047"]
[BlackElo "1986"]
[Annotator ",martin-koller@seznam"]
[PlyCount "42"]
[TimeControl "240+2"]

{600MB, Fritz10.ctg} 1. d4 d5 2. c4 c6 3. Nc3 Nf6 4. Nf3 e6 5. e3 Nbd7 6. Bd3
dxc4 7. Bxc4 b5 8. Bb3 a6 9. O-O Bb7 10. Qe2 c5 11. Rd1 Qb6 12. Bc2 Rc8 13. a3
Be7 14. e4 cxd4 15. Nxd4 Ne5 16. Nf3 Nxf3+ 17. Qxf3 O-O 18. Qh3 e5 19. Qg3 Qe6
20. h3 Bc5 21. Qf3 Bd4 1/2-1/2

[Event "M21"]
[Site "?"]
[Date "2023.07.30"]
[Round "1"]
[White "Novak, Jindrich"]
[Black "Reichmann, Steffen"]
[Result "0-1"]
[ECO "A81"]
[WhiteElo "2047"]
[BlackElo "1954"]
[Annotator ",martin-koller@seznam"]
[PlyCount "96"]
[TimeControl "240+2"]

{600MB, Fritz10.ctg} 1. d4 d6 2. Nf3 f5 3. g3 g6 4. Bg2 Nf6 5. h4 Bg7 6. Bg5 c5
7. c3 Qb6 8. Qb3 Nc6 9. e3 Qxb3 10. axb3 Ne4 11. Nfd2 Nxd2 12. Kxd2 h6 13. d5
Ne5 14. Bf4 Nf7 15. e4 Bd7 16. Na3 b5 17. Nc2 a5 18. b4 a4 19. b3 O-O 20. bxa4
bxa4 21. bxc5 dxc5 22. Rhb1 Nd6 23. Bxd6 exd6 24. Rb7 Bc8 25. Rb6 fxe4 26. Ke3
Bf5 27. Rxd6 Bxc3 28. Ra3 Bb2 29. Ra2 a3 30. g4 Bc1+ 31. Ke2 Bxg4+ 32. Ke1 Bf5
33. Rc6 Ra5 34. Kd1 Bb2 35. Ne3 Rd8 36. h5 Bd4 37. Nxf5 gxf5 38. f3 e3 39. f4
Rb5 40. d6 Rb1+ 41. Kc2 e2 42. Bd5+ Kh8 43. Kxb1 e1=Q+ 44. Kc2 Qc3+ 45. Kd1 Re8
46. Be6 Qd3+ 47. Rd2 Qb1+ 48. Ke2 Rxe6+ 0-1

[Event "M21"]
[Site "?"]
[Date "2023.07.30"]
[Round "1"]
[White "Soural, Jan"]
[Black "Hurtak, Otto"]
[Result "0-1"]
[ECO "D30"]
[WhiteElo "2176"]
[BlackElo "1949"]
[Annotator ",martin-koller@seznam"]
[PlyCount "118"]
[TimeControl "240+2"]

{600MB, Fritz10.ctg} 1. c4 e6 2. Nf3 d5 3. g3 Nf6 4. Bg2 c5 5. cxd5 exd5 6. d4
Nc6 7. O-O Be7 8. dxc5 O-O 9. a3 Bxc5 10. b4 Bb6 11. Nc3 Be6 12. Bg5 Re8 13.
Re1 Rc8 14. Rc1 h6 15. Bxf6 Qxf6 16. Nxd5 Bxd5 17. Qxd5 Qb2 18. Qf5 Rcd8 19. e3
Re6 20. b5 Ne7 21. Qb1 Qxa3 22. Red1 Red6 23. Rxd6 Qxd6 24. Nd4 Bxd4 25. Rd1
Qb6 26. Rxd4 Rxd4 27. exd4 Qxd4 28. Bxb7 Nd5 29. Qe1 Nf6 30. Qe2 g6 31. Bf3 Kg7
32. h4 Qc5 33. Kg2 Qd4 34. Qd1 Qxd1 35. Bxd1 Nd5 36. Kf3 Kf6 37. Bb3 Ke5 38.
Ke2 Kd4 39. Kd2 f6 40. Bc2 g5 41. Bf5 Nc7 42. Bd7 Kc5 43. Ke3 Nxb5 44. Kf3 a5
45. Kg4 a4 46. Kh5 a3 47. Be6 Nd4 48. Ba2 gxh4 49. gxh4 Kb4 50. Kxh6 Kc3 51.
Kg6 Kb2 52. h5 Kxa2 53. h6 Ne6 54. Kxf6 Nf8 55. Kg7 Kb3 56. Kxf8 a2 57. h7 a1=Q
58. Kg8 Qa8+ 59. Kg7 Qb7+ 0-1

[Event "K21"]
[Site "?"]
[Date "2023.07.30"]
[Round "1"]
[White "Gunther, Andreas"]
[Black "Hapke, Ralf"]
[Result "1-0"]
[ECO "A44"]
[WhiteElo "1600"]
[BlackElo "1756"]
[Annotator ",martin-koller@seznam"]
[PlyCount "99"]
[TimeControl "240+2"]

{600MB, Fritz10.ctg} 1. d4 c5 2. d5 e5 3. e4 d6 4. Bb5+ Nd7 5. Nf3 a6 6. Bxd7+
Bxd7 7. O-O g6 8. Bg5 f6 9. Bh4 Bg7 10. c4 h5 11. Bg3 g5 12. h4 Nh6 13. Nc3 b5
14. Qe2 b4 15. Nd1 a5 16. Ne3 a4 17. Nh2 Nf7 18. Nf3 Nh6 19. Nh2 Nf7 20. f3 a3
21. b3 Qe7 22. Be1 Bh6 23. Kh1 Qf8 24. g3 Qg7 25. Rg1 Qh7 26. Bd2 Ke7 27. Raf1
Rag8 28. Rf2 Rg7 29. Qd3 Rhg8 30. Rgf1 gxh4 31. g4 Ng5 32. Nf5+ Bxf5 33. exf5
Nh3 34. Re2 Nf4 35. Bxf4 Bxf4 36. Rfe1 Bxh2 37. Kxh2 hxg4 38. f4 g3+ 39. Kg1
Kd7 40. fxe5 fxe5 41. Qf3 Rg5 42. Rxe5 dxe5 43. d6 e4 44. Qxe4 Rb8 45. Qe6+ Kc6
46. Qd5+ Kb6 47. d7 Qxf5 48. d8=Q+ Rxd8 49. Qxd8+ Kc6 50. Qe8+ 1-0

[Event "K21"]
[Site "?"]
[Date "2023.07.30"]
[Round "1"]
[White "Heider, Dirk"]
[Black "Thomasson, Staffan"]
[Result "0-1"]
[ECO "B12"]
[WhiteElo "1781"]
[BlackElo "1740"]
[Annotator ",martin-koller@seznam"]
[PlyCount "86"]
[TimeControl "240+2"]

{600MB, Fritz10.ctg} 1. e4 g6 2. d4 c6 3. Nf3 d5 4. e5 h5 5. Bd3 Nh6 6. c3 Bf5
7. Bxh6 Bxh6 8. Bxf5 gxf5 9. e6 fxe6 10. Ne5 Bg7 11. Qe2 Nd7 12. Ng6 Rh6 13.
Nf4 Kf7 14. Nxh5 Qh8 15. Nxg7 Qxg7 16. f4 Rah8 17. g3 Qxg3+ 18. Qf2 Qxf2+ 19.
Kxf2 Rxh2+ 20. Rxh2 Rxh2+ 21. Ke3 Rxb2 22. Nd2 Nf6 23. Nf3 Ng4+ 24. Kd3 Rf2 25.
Ng5+ Kf6 26. Nh7+ Kg6 27. Ng5 Rxf4 28. Nxe6 Rf3+ 29. Kd2 Rf2+ 30. Kd3 Kf6 31.
Nd8 Rb2 32. c4 dxc4+ 33. Kc3 Rb6 34. Re1 e5 35. dxe5+ Nxe5 36. Rh1 f4 37. Rh6+
Kf5 38. Ne6 f3 39. Nd4+ Ke4 40. Rh4+ Ke3 41. Nc2+ Kf2 42. Re4 Rb5 43. Ne3 Kg1
0-1

[Event "K21"]
[Site "?"]
[Date "2023.07.30"]
[Round "1"]
[White "Nelson, Wayne"]
[Black "Schimmer, Michael"]
[Result "1-0"]
[ECO "D58"]
[WhiteElo "1863"]
[BlackElo "1689"]
[Annotator ",martin-koller@seznam"]
[PlyCount "79"]
[TimeControl "240+2"]

{600MB, Fritz10.ctg} 1. d4 Nf6 2. Bg5 e6 3. Nf3 d5 4. e3 Be7 5. c4 h6 6. Bh4
O-O 7. Nc3 Nbd7 8. Bd3 dxc4 9. Bxc4 b6 10. O-O Bb7 11. Qe2 Nd5 12. Bxe7 Qxe7
13. Nxd5 exd5 14. Ba6 Bxa6 15. Qxa6 Rfe8 16. Rac1 Qd6 17. Rc3 c5 18. dxc5 Nxc5
19. Qa3 Red8 20. h3 a5 21. Rd1 Qf6 22. Rcc1 Rab8 23. Qc3 Qe7 24. Qd4 Ne6 25.
Qe5 Qb7 26. Nd4 Nxd4 27. Rxd4 Rd7 28. Rcd1 Rbd8 29. g4 Qc6 30. Kg2 b5 31. b3 b4
32. R1d2 Rd6 33. Qf5 g6 34. Qd3 Qd7 35. Qc2 Rc8 36. Qd1 Qe6 37. Rxd5 Rxd5 38.
Rxd5 Qe4+ 39. Qf3 Qc2 40. Rxa5 1-0

[Event "K21"]
[Site "?"]
[Date "2023.07.30"]
[Round "1"]
[White "Junge, Matheo - Gabriel"]
[Black "Erfei, Yue"]
[Result "1-0"]
[ECO "B11"]
[WhiteElo "1450"]
[BlackElo "1685"]
[Annotator ",martin-koller@seznam"]
[PlyCount "79"]
[TimeControl "240+2"]

{600MB, Fritz10.ctg} 1. e4 c6 2. Nf3 d5 3. Nc3 Bg4 4. h3 Bxf3 5. Qxf3 d4 6. Ne2
e5 7. Ng3 Nf6 8. Bc4 b5 9. Bb3 c5 10. d3 Nc6 11. a4 Na5 12. Ba2 a6 13. Nh5 h6
14. Bd2 c4 15. Qf5 Qc7 16. Nxf6+ gxf6 17. Qxf6 Rg8 18. O-O c3 19. bxc3 Rg6 20.
Qf5 dxc3 21. Be3 Nc6 22. axb5 Nd4 23. Bxd4 exd4 24. Bd5 Rg5 25. Qf3 O-O-O 26.
bxa6 Bc5 27. Rfb1 Rdg8 28. Bb7+ Kb8 29. Bd5+ Kc8 30. Rb7 Qe5 31. a7 Bxa7 32.
Raxa7 Rxg2+ 33. Qxg2 Rxg2+ 34. Kxg2 Qg5+ 35. Kf3 Qh5+ 36. Kg2 Qg5+ 37. Kf1 Qc1+
38. Ke2 Qxc2+ 39. Kf3 Qxd3+ 40. Kg2 1-0

[Event "K21"]
[Site "?"]
[Date "2023.07.30"]
[Round "1"]
[White "Vit, Zdenek"]
[Black "Feierfeil, Jiri"]
[Result "1-0"]
[ECO "B38"]
[WhiteElo "1654"]
[BlackElo "1674"]
[Annotator ",martin-koller@seznam"]
[PlyCount "107"]
[TimeControl "240+2"]

{600MB, Fritz10.ctg} 1. e4 c5 2. Nf3 Nc6 3. d4 cxd4 4. Nxd4 d6 5. c4 Nf6 6. Nc3
g6 7. Be2 Bg7 8. Be3 Bd7 9. O-O O-O 10. Qd2 Re8 11. Rac1 b6 12. f3 Nxd4 13.
Bxd4 Bc6 14. Be3 Rc8 15. b3 Qc7 16. Rfd1 Qb7 17. Bh6 Bh8 18. Bg5 Nd7 19. Nd5 f6
20. Be3 Nf8 21. Nb4 Bd7 22. Qd5+ Qxd5 23. cxd5 a5 24. Nc6 e6 25. Ba6 Ra8 26.
Bb7 exd5 27. Bxa8 Rxa8 28. exd5 b5 29. Bf4 f5 30. Bxd6 Kf7 31. Ne5+ Ke8 32.
Nxd7 Kxd7 33. Bxf8 Rxf8 34. Rc6 Re8 35. Kf1 Rb8 36. Ra6 a4 37. bxa4 bxa4 38.
Rxa4 Rb7 39. Rc4 Be5 40. h3 Rb2 41. a4 Ra2 42. Rh4 h5 43. Rb4 g5 44. Rb7+ Kd6
45. Ra7 g4 46. hxg4 hxg4 47. Ra6+ Kd7 48. fxg4 fxg4 49. d6 g3 50. Ra7+ Kd8 51.
d7 Rf2+ 52. Kg1 Rb2 53. Ra8+ Bb8 54. a5 1-0